TOP OF THE 1ST |
Louisiana State University Tigers batting - Pitching for University of Alabama Crimson Tide : RHP Andrew Maldonado
|
Pitching: RHP Andrew Maldonado
|
|
Batting: LHB Elijah Mallandain
|
0-0: Ball 1-0: Foul Ball, location: 2F 1-1: Ball 2-1: Foul Ball, location: 2F 2-2: Ball 3-2: Base on Balls
|
Batting: LHB Oscar Rivera
|
0-0: Ball 1-0: Fly out, F8 (Flyball, 8RXD, EV 95.0 MPH)
|
Batting: RHB Pete Roberts
|
0-0: Ball Elijah Mallandain is caught stealing 2nd base 2-4 1-0: Ball 2-0: SINGLE (Groundball, 3D, EV 105.6 MPH)
|
Batting: RHB Keith Ashton
|
0-0: Called Strike 0-1: Ball 1-1: Swinging Strike 1-2: Ball 2-2: Foul Ball, location: 2F 2-2: Foul Ball, location: 2F 2-2: Strikes out swinging
|
Top of the 1st over - 0 runs, 1 hit, 0 errors, 1 left on base; Louisiana State University 0 - University of Alabama 0 |
BOTTOM OF THE 1ST |
University of Alabama Crimson Tide batting - Pitching for Louisiana State University Tigers : LHP Jabari Harris
|
Pitching: LHP Jabari Harris
|
|
Batting: RHB Danny Rosario
|
0-0: Ball 1-0: Ground out 4-3 (Groundball, 4, EV 101.2 MPH)
|
Batting: LHB Danny Schultz
|
0-0: Ground out 3-1 (Groundball, 13, EV 83.8 MPH)
|
Batting: RHB Matt Williams
|
0-0: SINGLE (Line Drive, 78S, EV 90.0 MPH)
|
Batting: RHB Gustavo Delgado
|
0-0: Called Strike 0-1: Called Strike Matt Williams is caught stealing 2nd base 2-4
|
Bottom of the 1st over - 0 runs, 1 hit, 0 errors, 0 left on base; Louisiana State University 0 - University of Alabama 0 |
TOP OF THE 2ND |
Louisiana State University Tigers batting - Pitching for University of Alabama Crimson Tide : RHP Andrew Maldonado
|
Batting: RHB Winston Vasquez
|
0-0: Ball 1-0: Called Strike 1-1: Foul Ball, location: 2F 1-2: Foul Ball, location: 2F 1-2: Strikes out swinging
|
Batting: LHB Alex Morales
|
0-0: Ball 1-0: Called Strike 1-1: SINGLE (Line Drive, 6MD, EV 106.2 MPH)
|
Batting: RHB Johnny Healey
|
0-0: Fly out, F4 (Flyball, 34D, EV 93.8 MPH)
|
Batting: LHB Matt Ellington
|
0-0: Ball 1-0: Ball 2-0: Called Strike 2-1: Swinging Strike 2-2: Foul Ball, location: 2F 2-2: Ball 3-2: Strikes out swinging
|
Top of the 2nd over - 0 runs, 1 hit, 0 errors, 1 left on base; Louisiana State University 0 - University of Alabama 0 |
BOTTOM OF THE 2ND |
University of Alabama Crimson Tide batting - Pitching for Louisiana State University Tigers : LHP Jabari Harris
|
Batting: RHB Gustavo Delgado
|
0-0: Called Strike 0-1: Fly out, F9 (Flyball, 9, EV 90.6 MPH)
|
Batting: RHB Juan Araiza
|
0-0: Foul Ball, location: 2F 0-1: Ground out 4-3 (Groundball, 34D, EV 101.2 MPH)
|
Batting: LHB Brian Van
|
0-0: Called Strike 0-1: Ball 1-1: Foul Ball, location: 2F 1-2: Strikes out swinging
|
Bottom of the 2nd over - 0 runs, 0 hits, 0 errors, 0 left on base; Louisiana State University 0 - University of Alabama 0 |
TOP OF THE 3RD |
Louisiana State University Tigers batting - Pitching for University of Alabama Crimson Tide : RHP Andrew Maldonado
|
Batting: RHB David Dye
|
0-0: Called Strike 0-1: Fly out, F8 (Line Drive, 8LD, EV 106.9 MPH)
|
Batting: LHB Elijah Mallandain
|
0-0: Ball 1-0: Foul Ball, location: 2F 1-1: Foul Ball, location: 2F 1-2: Ball 2-2: Ball 3-2: Fly out, F7 (Line Drive, 7S, EV 107.5 MPH)
|
Batting: LHB Oscar Rivera
|
0-0: Swinging Strike 0-1: DOUBLE (Line Drive, 5D, EV 95.0 MPH)
|
Batting: RHB Pete Roberts
|
0-0: Called Strike 0-1: Ball 1-1: Fly out, F9 (Flyball, 89M, EV 88.1 MPH)
|
Top of the 3rd over - 0 runs, 1 hit, 0 errors, 1 left on base; Louisiana State University 0 - University of Alabama 0 |
BOTTOM OF THE 3RD |
University of Alabama Crimson Tide batting - Pitching for Louisiana State University Tigers : LHP Jabari Harris
|
Batting: RHB B.J. Clark
|
0-0: Ball 1-0: Called Strike 1-1: DOUBLE (Line Drive, 78D, EV 103.8 MPH)
|
Batting: RHB Hughie Withers
|
0-0: Swinging Strike 0-1: Ball 1-1: Ball 2-1: Foul Ball, location: 2F 2-2: Strikes out looking
|
Batting: RHB Eric Kilmer
|
0-0: Ball 1-0: Called Strike 1-1: Swinging Strike 1-2: Ball 2-2: Fly out, F6 (Popup, 4MS, EV 75.6 MPH)
|
Batting: RHB Danny Rosario
|
0-0: Called Strike 0-1: Ground out U3 (Groundball, 34, EV 83.1 MPH)
|
Bottom of the 3rd over - 0 runs, 1 hit, 0 errors, 1 left on base; Louisiana State University 0 - University of Alabama 0 |
TOP OF THE 4TH |
Louisiana State University Tigers batting - Pitching for University of Alabama Crimson Tide : RHP Andrew Maldonado
|
Batting: RHB Keith Ashton
|
0-0: Ball 1-0: Foul Ball, location: 2F 1-1: SINGLE (Line Drive, 9LS, EV 96.9 MPH)
|
Batting: RHB Winston Vasquez
|
0-0: Called Strike 0-1: Called Strike 0-2: Ball 1-2: Ball 2-2: Ball 3-2: Base on Balls Keith Ashton to second
|
Batting: LHB Alex Morales
|
0-0: Grounds into double play, 4-6-3 (Groundball, 34, EV 91.9 MPH) Keith Ashton to third
|
Batting: RHB Johnny Healey
|
0-0: Fly out, F8 (Flyball, 8LM, EV 83.1 MPH)
|
Top of the 4th over - 0 runs, 1 hit, 0 errors, 1 left on base; Louisiana State University 0 - University of Alabama 0 |
BOTTOM OF THE 4TH |
University of Alabama Crimson Tide batting - Pitching for Louisiana State University Tigers : LHP Jabari Harris
|
Batting: LHB Danny Schultz
|
0-0: Ball 1-0: Called Strike 1-1: SINGLE (Flyball, 8LS, EV 90.6 MPH)
|
Batting: RHB Matt Williams
|
0-0: Called Strike 0-1: Foul Ball, location: 2F 0-2: Fielders Choice at 2nd, 4-6 (Groundball, 4S, EV 86.2 MPH)
|
Batting: RHB Gustavo Delgado
|
0-0: Called Strike Matt Williams is caught stealing 2nd base 2-4 0-1: Called Strike 0-2: Ball 1-2: Strikes out looking
|
Bottom of the 4th over - 0 runs, 1 hit, 0 errors, 0 left on base; Louisiana State University 0 - University of Alabama 0 |
TOP OF THE 5TH |
Louisiana State University Tigers batting - Pitching for University of Alabama Crimson Tide : RHP Andrew Maldonado
|
Pitching: RHP Dwayne Boivin
|
|
Now in RF: Yu-shu Ni
|
|
Batting: LHB Matt Ellington
|
0-0: Called Strike 0-1: Foul Ball, location: 2F 0-2: Ball 1-2: Strikes out swinging
|
Batting: RHB David Dye
|
0-0: Ball 1-0: Called Strike 1-1: Ball 2-1: Ball 3-1: Swinging Strike 3-2: Base on Balls
|
Pinch Hitting: RHB Leo Roldan
|
0-0: 2-RUN HOME RUN (Flyball, 7D, EV 106.9 MPH), Distance : 416 ft
|
Pinch Hitting: RHB Peter Turcotte
|
0-0: Called Strike 0-1: Swinging Strike 0-2: Fly out, F8 (Flyball, 8RS, EV 87.5 MPH)
|
Batting: RHB Pete Roberts
|
0-0: SOLO HOME RUN (Flyball, 78XD, EV 108.8 MPH), Distance : 442 ft
|
Batting: RHB Keith Ashton
|
0-0: Ball 1-0: Ball 2-0: Reached on error, E6 (Groundball, 6, EV 100.0 MPH)
|
Pinch Hitting: RHB Michael Maier
|
0-0: Foul Ball, location: 2F 0-1: Called Strike 0-2: Ball 1-2: Strikes out swinging
|
Top of the 5th over - 3 runs, 2 hits, 1 error, 1 left on base; Louisiana State University 3 - University of Alabama 0 |
BOTTOM OF THE 5TH |
University of Alabama Crimson Tide batting - Pitching for Louisiana State University Tigers : LHP Jabari Harris
|
Now at 2B: Mike Catalano
|
|
Now in LF: Brian Caruso
|
|
Now in CF: John Carter
|
|
Now in RF: Elvin Ruffolo
|
|
Batting: RHB Juan Araiza
|
0-0: Ball 1-0: Ball 2-0: Ball 3-0: Called Strike 3-1: Foul Ball, location: 2F 3-2: Foul Ball, location: 2F 3-2: Foul Ball, location: 2F 3-2: Base on Balls
|
Batting: LHB Brian Van
|
0-0: Fly out, F6 (Popup, 6, EV 51.2 MPH)
|
Batting: RHB B.J. Clark
|
0-0: Foul Ball, location: 2F 0-1: Ball 1-1: Ball 2-1: Ball 3-1: Fly out, F7 (Flyball, 7, EV 91.9 MPH)
|
Batting: RHB Hughie Withers
|
0-0: Swinging Strike 0-1: Swinging Strike 0-2: Foul Ball, location: 2F 0-2: Fly out, F9 (Flyball, 9D, EV 89.4 MPH)
|
Bottom of the 5th over - 0 runs, 0 hits, 0 errors, 1 left on base; Louisiana State University 3 - University of Alabama 0 |
TOP OF THE 6TH |
Louisiana State University Tigers batting - Pitching for University of Alabama Crimson Tide : RHP Dwayne Boivin
|
Pitching: RHP Devon Williams
|
|
Now at 1B: Onorato Zacagnini
|
|
Now at SS: Platon Protopsaltis
|
|
Now in CF: Joe Blackwood
|
|
Batting: SHB Brian Caruso
|
0-0: Called Strike 0-1: Swinging Strike 0-2: Foul Ball, location: 2F 0-2: Ball 1-2: Foul Ball, location: 2F 1-2: Ball 2-2: Foul Ball, location: 2F 2-2: Foul Ball, location: 2F 2-2: Foul Ball, location: 2F 2-2: Foul Ball, location: 2F 2-2: Ball 3-2: DOUBLE (Line Drive, 8RD, EV 91.2 MPH)
|
Batting: RHB D.J. Ganz
|
0-0: Swinging Strike 0-1: Swinging Strike 0-2: Ball 1-2: Strikes out looking
|
Pinch Hitting: SHB Stone Fraser
|
0-0: Ball 1-0: Ball 2-0: Reached on error, E1 (Groundball, 23, EV 63.1 MPH) Brian Caruso to third
|
Pinch Hitting: RHB Steve McCoig
|
0-0: Foul Ball, location: 2F 0-1: Called Strike 0-2: Ball 1-2: Ball 2-2: Strikes out swinging
|
Batting: LHB John Carter
|
0-0: Ball 1-0: Called Strike 1-1: Fly out, F8 (Flyball, 8RD, EV 99.4 MPH)
|
Top of the 6th over - 0 runs, 1 hit, 1 error, 2 left on base; Louisiana State University 3 - University of Alabama 0 |
BOTTOM OF THE 6TH |
University of Alabama Crimson Tide batting - Pitching for Louisiana State University Tigers : LHP Jabari Harris
|
Pitching: RHP Sal Ganzalez
|
|
Now at C: Alfredo Padilla
|
|
Now at 3B: Graham Beamish
|
|
Now at SS: Byung-hee Jee
|
|
Batting: RHB Eric Kilmer
|
0-0: Ball 1-0: Ball 2-0: Ball 3-0: Called Strike 3-1: Base on Balls
|
Batting: LHB Platon Protopsaltis
|
0-0: Ball 1-0: Swinging Strike 1-1: Ball Wild Pitch! Eric Kilmer to second 2-1: Fly out, F3 (Popup, 3S, EV 71.9 MPH)
|
Batting: LHB Yu-shu Ni
|
0-0: Ball 1-0: Ball 2-0: Called Strike 2-1: Ball 3-1: Called Strike 3-2: Strikes out swinging
|
Pinch Hitting: SHB Mike Bidwell
|
0-0: Ball 1-0: Ball 2-0: Ball 3-0: Called Strike 3-1: Base on Balls
|
Batting: LHB Dallas Shaw
|
0-0: Called Strike 0-1: Ball 1-1: Foul Ball, location: 2F 1-2: Strikes out swinging
|
Bottom of the 6th over - 0 runs, 0 hits, 0 errors, 2 left on base; Louisiana State University 3 - University of Alabama 0 |
TOP OF THE 7TH |
Louisiana State University Tigers batting - Pitching for University of Alabama Crimson Tide : RHP Devon Williams
|
Pitching: RHP Kirk James
|
|
Now at 2B: Jong-your Lee
|
|
Now at 3B: Mike Bidwell
|
|
Now in LF: Yu-shu Ni
|
|
Now in RF: Robby Ramires
|
|
Batting: RHB Elvin Ruffolo
|
0-0: Called Strike 0-1: Called Strike 0-2: Ball 1-2: Foul Ball, location: 2F 1-2: Strikes out swinging
|
Pinch Hitting: RHB David Olivarez
|
0-0: Called Strike 0-1: Called Strike 0-2: Strikes out swinging
|
Batting: RHB Byung-hee Jee
|
0-0: Ball 1-0: Swinging Strike 1-1: SINGLE (Groundball, 15S, EV 70.0 MPH) (infield hit)
|
Batting: RHB Mike Catalano
|
0-0: Foul Ball, location: 2RF, Error on foul ball, E2 0-1: Ball 1-1: Ball 2-1: Foul Ball, location: 2F 2-2: Ball 3-2: Foul Ball, location: 2F 3-2: Base on Balls Byung-hee Jee to second
|
Batting: SHB Brian Caruso
|
0-0: Foul Ball, location: 2F 0-1: Swinging Strike 0-2: Ball 1-2: Ball 2-2: Foul Ball, location: 2F 2-2: 3-RUN HOME RUN (Flyball, 9LD, EV 91.2 MPH), Distance : 349 ft
|
Pitching: RHP Victor Carillo
|
|
Batting: RHB D.J. Ganz
|
0-0: Ball 1-0: Ball 2-0: Ball 3-0: Called Strike 3-1: Base on Balls
|
Batting: SHB Graham Beamish
|
0-0: Ball 1-0: Ground out 5-3 (Groundball, 56S, EV 61.9 MPH)
|
Top of the 7th over - 3 runs, 2 hits, 1 error, 1 left on base; Louisiana State University 6 - University of Alabama 0 |
BOTTOM OF THE 7TH |
University of Alabama Crimson Tide batting - Pitching for Louisiana State University Tigers : RHP Sal Ganzalez
|
Pitching: RHP Jeremy Kolb
|
|
Now at 1B: David Olivarez
|
|
Batting: RHB Onorato Zacagnini
|
0-0: Ball 1-0: Ball 2-0: Ball 3-0: Base on Balls
|
Batting: RHB Jong-your Lee
|
0-0: Ball 1-0: Ball 2-0: Foul Ball, location: 2F 2-1: Called Strike 2-2: Strikes out looking
|
Batting: LHB Joe Blackwood
|
0-0: Called Strike 0-1: Foul Ball, location: 2F 0-2: Ball 1-2: Foul Ball, location: 2F 1-2: Ball 2-2: Fly out, F5 (Popup, 5F, EV 61.2 MPH)
|
Pitching: LHP Logan Corrigan
|
|
Batting: LHB Robby Ramires
|
0-0: Ball 1-0: Ball 2-0: Fielders Choice at 2nd, U6 (Groundball, 6M, EV 86.9 MPH)
|
Bottom of the 7th over - 0 runs, 0 hits, 0 errors, 1 left on base; Louisiana State University 6 - University of Alabama 0 |
TOP OF THE 8TH |
Louisiana State University Tigers batting - Pitching for University of Alabama Crimson Tide : RHP Victor Carillo
|
Pitching: RHP Dave Bellah
|
|
Batting: RHB Alfredo Padilla
|
0-0: Ball 1-0: Ball 2-0: Foul Ball, location: 2F 2-1: SOLO HOME RUN (Flyball, 9D, EV 94.4 MPH), Distance : 369 ft
|
Batting: LHB John Carter
|
0-0: Ball 1-0: Foul Ball, location: 2F 1-1: Ball 2-1: Called Strike 2-2: Strikes out swinging
|
Pinch Hitting: LHB Jon Valdez
|
0-0: Foul Ball, location: 2F 0-1: Ground out U3 (Groundball, 34, EV 84.4 MPH)
|
Pinch Hitting: RHB Stewart Walker
|
0-0: Ball 1-0: Called Strike 1-1: Ball 2-1: Called Strike 2-2: Strikes out swinging
|
Top of the 8th over - 1 run, 1 hit, 0 errors, 0 left on base; Louisiana State University 7 - University of Alabama 0 |
BOTTOM OF THE 8TH |
University of Alabama Crimson Tide batting - Pitching for Louisiana State University Tigers : LHP Logan Corrigan
|
Pitching: RHP Luo-shan Xú
|
|
Now at 1B: Jon Valdez
|
|
Now in RF: Earl Silver
|
|
Batting: RHB Eric Kilmer
|
0-0: Ball 1-0: Ball 2-0: Ground out 1-3 (Groundball, 34S, EV 76.2 MPH)
|
Batting: LHB Platon Protopsaltis
|
0-0: Ball 1-0: Ball 2-0: Ball 3-0: Base on Balls
|
Batting: LHB Yu-shu Ni
|
0-0: Grounds into double play, 3-6-3 (Groundball, 34S, EV 81.2 MPH)
|
Bottom of the 8th over - 0 runs, 0 hits, 0 errors, 0 left on base; Louisiana State University 7 - University of Alabama 0 |
TOP OF THE 9TH |
Louisiana State University Tigers batting - Pitching for University of Alabama Crimson Tide : RHP Dave Bellah
|
Pitching: RHP Justin Hillard
|
|
Batting: RHB Byung-hee Jee
|
0-0: Called Strike 0-1: Ball 1-1: Ball 2-1: Foul Ball, location: 2F 2-2: Foul Ball, location: 2F 2-2: Ball 3-2: Foul Ball, location: 2F 3-2: Foul Ball, location: 2F 3-2: Base on Balls
|
Pinch Hitting: LHB Manny Grado
|
0-0: Grounds into double play, 5-4-3 (Groundball, 56S, EV 81.2 MPH)
|
Pinch Hitting: SHB Shane Howe
|
0-0: Ball 1-0: Fly out, F9 (Flyball, 9, EV 83.8 MPH)
|
Top of the 9th over - 0 runs, 0 hits, 0 errors, 0 left on base; Louisiana State University 7 - University of Alabama 0 |
BOTTOM OF THE 9TH |
University of Alabama Crimson Tide batting - Pitching for Louisiana State University Tigers : RHP Luo-shan Xú
|
Pitching: RHP Jessie Amann
|
|
Now at 2B: Jake Garza
|
|
Now in LF: Earl Silver
|
|
Now in RF: Manny Grado
|
|
Pinch Hitting: LHB Matt Barkley
|
0-0: Ball 1-0: Ground out 5-3 (Groundball, 56, EV 84.4 MPH)
|
Batting: LHB Dallas Shaw
|
0-0: Foul Ball, location: 2F 0-1: Foul Ball, location: 2F 0-2: Ball 1-2: Ball 2-2: Strikes out looking
|
Batting: RHB Onorato Zacagnini
|
0-0: Ball 1-0: Swinging Strike 1-1: Swinging Strike 1-2: Ball 2-2: Ball 3-2: Base on Balls
|
Batting: RHB Jong-your Lee
|
0-0: Fielders Choice at 2nd, 6-4 (Groundball, 6, EV 102.5 MPH)
|
Bottom of the 9th over - 0 runs, 0 hits, 0 errors, 1 left on base; Louisiana State University 7 - University of Alabama 0 |
|